 Dungeon Crawl Stone Soup version 0.31-a0-232-gb1c03b2570 (webtiles) character file.

Game seed: 1911238410850345734

25 qw the Shooter (level 2, -1/24 HPs)
             Began as a Minotaur Hexslinger on July 7, 2023.
             Slain by a hobgoblin (2 damage)
             ... on level 2 of the Dungeon.
             The game lasted 00:00:22 (715 turns).

qw the Shooter (Minotaur Hexslinger)                 Turns: 715, Time: 00:00:23

Health: -1/24      AC:  2    Str: 14    XL:     2   Next: 86%
Magic:  2/2        EV: 12    Int: 13    God:
Gold:   76         SH:  0    Dex: 12    Spells: 2/3 levels left

rFire   . . .        Y - +2 sling
rCold   . . .        (no shield)
rNeg    . . .        c - +0 robe
rPois   +            (helmet restricted)
rElec   .            (no cloak)
rCorr   .            (no gloves)
SInv    .            (no boots)
Will    +....        (no amulet)
Stlth   +            a - ring "Weuzyqyu" {rPois Will+ Str+2 Int+3}
HPRegen 0.24/turn    (no ring)
MPRegen 0.08/turn

%: no passive effects
@: no status effects
A: horns 2, retaliatory headbutt
a: no special abilities


You were on level 2 of the Dungeon.
You visited 1 branch of the dungeon, and saw 2 of its levels.

You collected 76 gold pieces.


Innate Abilities, Weirdness & Mutations

You have a pair of horns on your head.
You reflexively headbutt those who attack you in melee.


   Skills:
 - Level 2.0 Fighting
 + Level 3.5 Ranged Weapons
 - Level 2.1 Dodging
 - Level 1.0 Spellcasting
 - Level 2.0 Hexes


You had 2 spell levels left.
You knew the following spells:

 Your Spells              Type           Power      Damage    Failure   Level
a - Slow                  Hex            20%        N/A       12%         1

Your spell library contained the following spells:

 Spells                   Type           Power      Damage    Failure   Level
 Inner Flame              Hex/Fire       3%         N/A       50%         3
 Portal Projectile        Hex/Tloc       6%         N/A       50%         3
 Cause Fear               Hex            2%         N/A       77%         4

Inventory:

Hand Weapons
 Y - a +2 sling (weapon)
Armour
 c - a +0 robe (worn)
Jewellery
 a - the ring "Weuzyqyu" (left hand) {rPois Will+ Str+2 Int+3}
   (You acquired it on level 1 of the Dungeon)

   [ring of poison resistance]

   Str:       It affects your strength (+2).
   Int:       It affects your intelligence (+3).
   rPois:     It protects you from poison.
   Will:      It increases your willpower.
Potions
 b - 2 potions of cancellation {unknown}
 d - a potion of degeneration {unknown}
 e - a potion of berserk rage {unknown}
 f - a potion of brilliance {unknown}
 g - a potion of resistance {unknown}
 i - a potion of invisibility {unknown}

Dungeon Overview and Level Annotations

Branches:
Dungeon (2/15)

Altars:


Message History

You shoot a sling bullet.
The sling bullet barely misses the adder.
The adder bites you. The adder misses you.
You shoot a sling bullet.
The sling bullet barely misses the adder.
The adder bites you. The adder closely misses you.
You shoot a sling bullet.
The sling bullet closely misses the adder.
The adder bites you.
708 ||| READING scroll of teleportation.
As you read the scroll of teleportation, it crumbles to dust.
You feel strangely unstable. The adder bites you. x2
You shoot a sling bullet. The sling bullet hits the adder.
The adder is almost dead.
The adder bites you.
You shoot a sling bullet.
The sling bullet closely misses the adder.
Your surroundings suddenly seem different.
A rat and 2 hobgoblins come into view.
Found a smoky pink potion.
Found a stone staircase leading up.
The hobgoblin shouts!
Enter note: You shoot a sling bullet.
The sling bullet barely misses the rat.
The hobgoblin shouts!
You shoot a sling bullet. The sling bullet barely misses the rat.
You shoot a sling bullet.
The sling bullet closely misses the rat.
The sling bullet hits the hobgoblin.
The hobgoblin is moderately wounded.
You shoot a sling bullet. The sling bullet barely misses the rat.
The sling bullet closely misses the hobgoblin.
The rat bites you.
You shoot a sling bullet.
The sling bullet closely misses the hobgoblin.
The hobgoblin hits you. The hobgoblin closely misses you.
The rat barely misses you. The rat closely misses you.
The hobgoblin hits you but does no damage.
The hobgoblin hits you.
You die...

.. .# .#
####
.#.....
###.#.....
#.........
#..g....<.
#.@r......
#.g.......
#.........
#....#####
##...#
#..!.
#...##
#...#


You could see 2 hobgoblins and a rat.

Vanquished Creatures
  A dart slug (D:2)
  A bat (D:1)
  3 endoplasms
  A giant cockroach (D:1)
  3 goblins
  4 hobgoblins
  2 jackals (D:1)
  A quokka (D:1)
  A ball python (D:2)
  A kobold (D:1)
  2 rats (D:1)
20 creatures vanquished.

Notes
Turn   | Place    | Note
-------+----------+-------------------------------------------
     0 | D:1      | qw the Minotaur Hexslinger began the quest for the Orb.
     0 | D:1      | Reached XP level 1. HP: 16/16 MP: 1/1
     0 | D:1      | 0 ||| qw: Version: 0.3-a-46-gb1f654a
     0 | D:1      | 0 ||| qw: Game counter: 2219
     0 | D:1      | 0 ||| qw: Melee chars always use a shield: true
     0 | D:1      | 0 ||| qw: God list: Okawaru
     0 | D:1      | 0 ||| qw: Allow faded altars: false
     0 | D:1      | 0 ||| qw: Do Orc after clearing Dungeon:15 true
     0 | D:1      | 0 ||| qw: Do second Lair branch before Depths: true
     0 | D:1      | 0 ||| qw: Lair rune preference: random
     0 | D:1      | 0 ||| qw: Goals: Normal
     0 | D:1      | 0 ||| PLANNING D:1-11
   174 | D:1      | Reached skill level 3 in Ranged Weapons
   174 | D:1      | Reached XP level 2. HP: 23/23 MP: 2/2
   499 | D:1      | 499 ||| DROPPING ring of magical power.
   500 | D:1      | 500 ||| READING scroll labelled XOIMYU XOUGOKK.
   501 | D:1      | 501 ||| READING scroll labelled YWEMESKILIOT.
   501 | D:1      | Identified a scroll of acquirement
   501 | D:1      | 501 ||| ACQUIRING ring "Weuzyqyu" {rPois Will+ Str+2 Int+3}
   501 | D:1      | Acquired the ring "Weuzyqyu" {rPois Will+ Str+2 Int+3}
   503 | D:1      | 503 ||| UPGRADING to ring "Weuzyqyu" {rPois Will+ Str+2
                  | Int+3}.
   504 | D:1      | 504 ||| READING 2 scrolls labelled OCOWAIKHL QEASO.
   507 | D:1      | 507 ||| DRINKING 2 lumpy orange potions.
   517 | D:1      | 517 ||| DROPPING scroll of poison.
   518 | D:1      | 518 ||| DROPPING potion of ambrosia.
   707 | D:2      | HP: 6/24 [adder (2)]
   708 | D:2      | 708 ||| READING scroll of teleportation.
   714 | D:2      | HP: 4/24 [rat (1)]
   715 | D:2      | HP: 1/24 [hobgoblin (3)]
   715 | D:2      | Slain by a hobgoblin

Levels and vault maps discovered:
D:1:      scummos_arrival_forest, layout_rooms
D:2:      layout_rooms, ebering_ecumenical_altar_webs,
          amcnicky_mini_corridor_feature, kennysheep_generic_room_14

Skill      XL: |  1  2 |
---------------+-------+-----
Ranged Weapons | 3 |  3.5
Fighting       | 2 |  2.0
Dodging        | |  2.1
Spellcasting   | |  1.0
Hexes          | |  2.0

Action                     || total
---------------------------++-------
   Fire: Sling             ||    88
    Use: Scroll            ||     4
         Potion            ||     1
 Armour: Robe              ||     3
  Dodge: Dodged            ||    26

Table legend:
 A = Non-vault XP
 B = Vault XP
 C = Vault XP percentage of total XP
 D = Non-vault monster count
 E = Vault monster count
 F = Vault count percentage of total count
                 A         B        C        D         E       F
            +---------+---------+-------+---------+---------+-------
      Total |      37 |       0 |   0.0 |      20 |       0 |   0.0
            +---------+---------+-------+---------+---------+-------
        D:1 |      26 |       0 |   0.0 |      15 |       0 |   0.0
        D:2 |      11 |       0 |   0.0 |       5 |       0 |   0.0
            +---------+---------+-------+---------+---------+-------
